 Dungeon Crawl Stone Soup version 0.25-a0-1024-gbfbf38f2cb (webtiles) character file.

Game seed: 9939814729406014316, levelgen mode: deterministic

338 bmfx the Vexing (level 6, -5/41 HPs)
             Began as a Mummy Enchanter on May 13, 2020.
             Was an Initiate of Gozag.
             Shot with an arrow by a centaur (11 damage)
             ... on level 5 of the Dungeon.
             The game lasted 00:17:57 (6394 turns).

bmfx the Vexing (Mummy Enchanter)                   Turns: 6394, Time: 00:17:57

Health: -5/41      AC:  3    Str: 12    XL:     6   Next: 29%
Magic:  8/10       EV: 11    Int: 16    God:    Gozag
Gold:   206        SH:  3    Dex: 12    Spells: 2/11 levels left

rFire    x . .     SeeInvis .   a - +2 dagger
rCold    + . .     Gourm    .   d - +0 buckler
rNeg     + + +     Faith    .   b - +0 robe
rPois    ∞         Spirit   .   (no helmet)
rElec    .         Reflect  .   (no cloak)
rCorr    +         Harm     .   g - +0 pair of gloves
MR       .....                  (no boots)
Stlth    ++........             m - amulet of regeneration (curse)
HPRegen  0.53/turn              j - ring of resist corrosion
MPRegen  0.12/turn              (no ring)

@: no status effects
A: no food or potions, fire vulnerability, cold resistance 1, negative energy
resistance 3, torment resistance, unbreathing
a: Potion Petition, Call Merchant, Bribe Branch, Renounce Religion


You were on level 5 of the Dungeon.
You worshipped Gozag.
Gozag was aware of your devotion.
You were not hungry.

You visited 2 branches of the dungeon, and saw 6 of its levels.

You collected 288 gold pieces.
You paid 82 gold pieces to Gozag.


Innate Abilities, Weirdness & Mutations

You do not eat or drink.
Your flesh is vulnerable to fire.
You are immune to poison.
Your flesh is cold resistant. (rC+)
You are immune to negative energy. (rN+++)
You are immune to unholy pain and torment.
You can survive without breathing.

Dungeon Overview and Level Annotations

Branches:
Dungeon (5/15)             Temple (1/1) D:4

Altars:
Cheibriados
Elyvilon
Fedhas
Gozag
Kikubaaqudgha
Makhleb
Nemelex Xobeh
Okawaru
Qazlal
Ru
Trog
Uskayaw
Vehumet
Xom
Yredelemnul
Zin
The Shining One


   Skills:
 + Level 3.2 Short Blades
 - Level 1.5 Dodging
 - Level 4.0 Stealth
 - Level 3.0 Spellcasting
 + Level 4.2 Hexes


You had 2 spell levels left.
You knew the following spells:

 Your Spells              Type           Power        Failure   Level  Hunger
A - Corona                Hex            ###....      5%          1    N/A
B - Ensorcelled Hibernat  Hex/Ice        #.....       21%         2    N/A
C - Confusing Touch       Hex            ###.....     17%         3    N/A
D - Tukima's Dance        Hex            ###.....     17%         3    N/A

Your spell library contained the following spells:

 Spells                   Type           Power        Failure   Level  Hunger
 Dazzling Flash           Conj/Hex       #.....       36%         3    N/A

Action                   |  1- 3 |  4- 6 || total
-------------------------+-------+-------++-------
Melee: Dagger            |    85 |    69 ||   154
 Fire: Hunting sling     |       |     4 ||     4
Throw: Stone             |    12 |    20 ||    32
       Dart              |       |     2 ||     2
 Cast: Corona            |     5 |       ||     5
       Ensorcelled Hiber |    38 |    52 ||    90
       Tukima's Dance    |       |     4 ||     4
       Confusing Touch   |       |     2 ||     2
  Use: Scroll            |     1 |     8 ||     9
 Stab: Sleeping          |    26 |    45 ||    71
Armor: Robe              |    25 |    17 ||    42
Dodge: Dodged            |    51 |    70 ||   121

Skill      XL: |  1  2  3  4  5 |
---------------+----------------+-----
Short Blades   | 1 2 3 |  3.2
Hexes          | 3 4 |  4.2
Stealth        | 3 4 |  4.0
Spellcasting   | 3 |  3.0
Dodging        | |  1.5

Inventory:

Hand Weapons
 a - a +2 dagger (weapon)
 p - a +2 whip of electrocution
 w - a +0 hunting sling
Missiles
 c - 172 stones
 e - 7 poisoned darts (quivered)
 i - 3 boomerangs
 k - 67 sling bullets
Armour
 b - a +0 robe (worn)
 d - a +0 buckler (worn)
 g - a +0 pair of gloves (worn)
Jewellery
 h - a +3 ring of dexterity
 j - a ring of resist corrosion (left hand)
 m - a cursed amulet of regeneration (around neck)
Scrolls
 f - a scroll of remove curse {@r4}
 l - a scroll of immolation

#####
#.@.#
#...#
#...#
#....
##...#
....#
...c#
....#


You could see a centaur.

Vanquished Creatures
  A howler monkey (D:4)
  2 hounds (D:4)
  An orc wizard (D:4)
  A worker ant (D:4)
  6 adders
  2 oozes
  An adder skeleton (D:4)
  2 worms
  5 dart slugs
  A leopard gecko (D:1)
  16 orcs
  5 giant cockroaches
  11 goblins
  9 hobgoblins
  9 jackals
  2 kobolds (D:2)
  2 quokkas (D:3)
  5 bats
  4 frilled lizards
  4 rats
89 creatures vanquished.

Vanquished Creatures (others)
  2 dancing weapons (D:4)
2 creatures vanquished.

Grand Total: 91 creatures vanquished

Levels and vault maps discovered:
D:1:      ncdulo_lavacross, layout_basic
D:2:      layout_rooms, first_ration
D:3:      layout_loops_corners
D:4:      layout_basic, minmay_temple_entry_enclosed_plants, grunt_qazlal_clouds
D:5:      layout_cave_pools, kennysheep_little_box
Temple:   dpeg_three_leaves_temple


Message History

Casting: Confusing Touch (quite dangerous; 17% risk of failure)
Confirm with . or Enter, or press ? or * to list all spells.
Aiming: Ensorcelled Hibernation (safe; 21% risk of failure)
Press: ? - help, Shift-Dir - straight line, f/p - centaur
Aim: a centaur, quivering 14 arrows (poisoned, chance to defeat MR: 40%)
The centaur resists with some effort.
The centaur hits you.
* * * LOW HITPOINT WARNING * * *
As you read the scroll of teleportation {@r1}, it crumbles to dust.
You feel strangely unstable. The centaur hits you!
* * * LOW HITPOINT WARNING * * *
The centaur barely misses you. The centaur misses you.
Your surroundings suddenly seem different.
A centaur comes into view.
The centaur shouts!
You hear an angry hiss.
Something shouts, "Out, out, thou foisting shrink-wrapped apple-john!"
The centaur wields a +0 shortbow.
The centaur shoots an arrow.
The arrow hits you!
You die...
Your body crumbles into a pile of gold.

Notes
Turn   | Place    | Note
-------+----------+-------------------------------------------
     0 | D:1      | bmfx the Mummy Enchanter began the quest for the Orb.
     0 | D:1      | Reached XP level 1. HP: 13/13 MP: 4/4
   134 | D:1      | Reached skill level 1 in Short Blades
   190 | D:1      | Reached XP level 2. HP: 18/19 MP: 3/5
   194 | D:1      | Learned a level 2 spell: Ensorcelled Hibernation
  1075 | D:1      | Reached XP level 3. HP: 21/24 MP: 4/7
  2034 | D:2      | You fall into a shaft and drop 1 floor!
  2131 | D:2      | Learned a level 3 spell: Tukima's Dance
  2329 | D:3      | Reached XP level 4. HP: 30/30 MP: 8/8
  4157 | D:4      | Reached XP level 5. HP: 30/35 MP: 4/9
  4209 | D:4      | Learned a level 3 spell: Confusing Touch
  4922 | D:5      | Entered Level 5 of the Dungeon
  5026 | D:4      | Reached XP level 6. HP: 41/41 MP: 1/10
  5616 | D:4      | Found a staircase to the Ecumenical Temple.
  5637 | Temple   | Entered the Ecumenical Temple
  5671 | Temple   | Became a worshipper of Gozag Ym Sagoz the Greedy
  6126 | D:4      | Found a stormy altar of Qazlal.
  6394 | D:5      | Shot with an arrow by a centaur
